[Event "45th FIDE Womens Olympiad 2024"]
[Site "Budapest"]
[Date "2024.09.15"]
[Round "5.84"]
[White "Guerrero Caicedo, Arlette"]
[Black "Terbe, Zsuzsanna"]
[Result "1/2-1/2"]
[ECO "D02"]
[WhiteElo "1868"]
[BlackElo "2168"]
[Annotator "TA"]
[PlyCount "209"]
[EventDate "2024.09.05"]
[EventType "team-tourn"]
[EventCountry "HUN"]
[SourceTitle "playchess.com"]
[Source "ChessBase"]
[SourceQuality "1"]
[WhiteTeam "Ecuador"]
[BlackTeam "Hungary B"]
[WhiteTeamCountry "ECU"]
[BlackTeamCountry "HUN"]
[TimeControl "40/5400+30:1800+30"]

1. d4 d5 2. Nf3 Nf6 3. g3 Bf5 4. c4 e6 5. Nc3 c6 6. Nh4 {D02: 1 d4 d5 2 Nf3 sidelines, including 2...Nf6 3 g3 and 2...Nf6 3 Bf4.} dxc4 7. Nxf5 exf5 8. a4 Bb4 9. Bg2 O-O 10. O-O Nbd7 11. Qc2 g6 $146 ({Predecessor:} 11... Nb6 12. a5 Nbd5 13. Nxd5 cxd5 14. Qxf5 h6 15. a6 b5 16. g4 Re8 17. g5 hxg5 18. Bxg5 Rxe2 {1-0 Goltseva,E (2306)-Sedina,E (2299) EU-ch Online U2300 Final 2020 (3)}) 12. Rd1 Nb6 13. Bg5 Be7 14. Nb1 a5 15. Na3 Nfd5 16. Bxe7 Qxe7 17. Nxc4 Nxc4 18. Qxc4 Rfd8 19. e3 h5 20. Re1 Kg7 21. e4 fxe4 22. Rxe4 Qb4 23. b3 Rd7 24. Re2 Rad8 25. Bxd5 Rxd5 26. Qxb4 axb4 27. Rd1 Rxd4 28. Rxd4 Rxd4 29. Re7 Rd3 30. Rxb7 Rxb3 31. a5 c5 (31... Kf6 $1 $19 32. a6 Ke6) 32. a6 (32. Rc7 $17 {was called for.}) 32... Ra3 $19 33. a7 b3 (33... Kf6 $19 {aiming for ...Ke5.} 34. Rc7 Ke5) 34. Rxb3 Rxa7 35. Kg2 c4 36. Rc3 Rc7 37. Kf3 Kf6 38. Ke4 Kg5 $1 39. h3 Kf6 (39... h4 $17 40. Kd4 f5) 40. Kd5 g5 41. Rf3+ Kg6 42. Rc3 Rd7+ 43. Ke4 (43. Kxc4 $11 {remains equal.} Rd6 44. Rf3) 43... f5+ ({Black should try} 43... Re7+ $1 $17 44. Kd4 Rd7+ 45. Kxc4 Kg7) 44. Ke3 Re7+ 45. Kd2 $1 Rc7 46. Ke3 $1 h4 47. gxh4 gxh4 48. f4 $2 (48. Kd4 $11) 48... Re7+ $19 49. Kf3 Re4 50. Ra3 Kf6 51. Ra6+ Re6 52. Ra8 Rc6 53. Ke2 c3 54. Kd1 c2+ 55. Kc1 Rc4 56. Ra6+ Ke7 (56... Kg7 $19 {[%cal Oc4c3] And now ...Rc3! would win.} 57. Ra3 Kf7 (57... Rxf4 58. Kxc2 Re4 59. Kd3 $17)) 57. Rh6 $17 Rxf4 58. Kxc2 Kf7 $1 59. Kd2 Kg7 60. Ra6 Rf3 61. Ke2 Rxh3 62. Kf2 Rg3 $1 63. Rb6 Rg6 64. Rb4 Rg4 65. Rb6 h3 66. Rb3 Rh4 $1 67. Kg1 h2+ (67... Kf6 $17) 68. Kh1 $11 Kf6 69. Ra3 Kg5 70. Ra5 Rh6 71. Ra8 Kf4 72. Ra4+ Kg5 73. Ra8 Kg4 74. Rg8+ Kf4 75. Ra8 Rh5 76. Ra4+ Kg5 77. Ra8 Kg4 78. Ra4+ f4 79. Rb4 $2 {[%mdl 8192] [#]} (79. Ra3 $11) 79... Rh8 $2 (79... Re5 $1 80. Kxh2 Re2+ 81. Kg1 Kg3 82. Kf1 Ra2 83. Rb8 Ra1+ 84. Ke2 f3+ 85. Kd3 f2 86. Ke4 Ra4+ (86... f1=B 87. Rb3+ Kh2 88. Kd4 $17) 87. Ke5 f1=Q (87... f1=B 88. Kd5 $11) 88. Rg8+ Rg4 89. Rxg4+ Kxg4 90. Kd4 Qb5 91. Kc3 Qa4 92. Kb2 Kf3 93. Kc3 Ke3 94. Kb2 Kd3 95. Kb1 Kc3 96. Kc1 Qc2#) 80. Ra4 Rh3 81. Ra8 Rb3 82. Rg8+ Kf5 83. Kxh2 Rb2+ 84. Kg1 Ke4 85. Ra8 Re2 86. Kf1 Kf3 87. Ra3+ Re3 88. Ra8 Rb3 89. Kg1 Rb1+ 90. Kh2 Re1 91. Rb8 Kf2 92. Rf8 $2 (92. Rb4 $11) 92... f3 93. Rb8 {[#]} Re3 $2 (93... Kf1 $1 {mates} 94. Ra8 f2 95. Rc8 Ke2 96. Re8+ Kd3 97. Rd8+ Ke4 (97... Ke2 {is a self mate.} 98. Re8+ Kd3 99. Rd8+ Ke4 100. Re8+ Kd5 101. Rd8+ Ke6 102. Re8+ Kf7 103. Re3 Rxe3 104. Kg2) 98. Re8+ Kd5 99. Rd8+ Ke6 100. Re8+ Kf7 101. Re3 Rxe3 (101... f1=R {gets mated.} 102. Rd3 Rg1 103. Rd7+ Kg6 104. Rd8 Kh7 105. Rd5 Rg6 106. Rd7+ Kh6 107. Rd5 Re7 108. Kh3 Rh7 109. Rd4 Kg7+ 110. Rh4 Rxh4+ 111. Kxh4 Kh6 112. Kh3 Kh5 113. Kh2 Kh4 114. Kh1 Kg3 115. Kg1 Rf6 116. Kh1 Rf1#) (101... f1=N+ {leads to mate.} 102. Kg2 Nxe3+ 103. Kf3 Nc2 104. Kg3 Kg6 105. Kg4 Rf1 106. Kg3 Ne1 107. Kh3 Kg5 108. Kg3 Kf5 109. Kh3 Kf4 110. Kh2 Kf3 111. Kh3 Rh1#) (101... f1=Q 102. Rf3+ Kg6 103. Rxf1 Rxf1 104. Kg3 Kf5 105. Kg2 Rf4 106. Kh3 Rf3+ 107. Kg2 Kg4 108. Kh2 Rf2+ 109. Kh1 Kh4 110. Kg1 Kg3 111. Kh1 Rf1#) 102. Kg2 Rf3 103. Kxf3 f1=Q+ (103... f1=B 104. Kg4 $11) 104. Ke4 Ke6 105. Kd4 Qd1+ 106. Ke3 Kf5 107. Kf2 Kf4 108. Kg2 Qc2+ 109. Kh3 Qe2 110. Kh4 Qh2#) 94. Rb1 $1 $11 Re2 95. Ra1 Rd2 96. Rb1 Rc2 97. Ra1 Re2 98. Rb1 Re8 99. Rb2+ $1 Ke3 100. Rb3+ Ke2 101. Rb2+ Kf1 102. Kg3 Re2 103. Rb1+ Re1 104. Rxe1+ Kxe1 105. Kxf3 1/2-1/2

[Event "45th FIDE Womens Olympiad 2024"]
[Site "Budapest"]
[Date "2024.09.15"]
[Round "5.85"]
[White "Bulmaga, Irina"]
[Black "Sulyok, Eszter"]
[Result "1-0"]
[ECO "C87"]
[WhiteElo "2406"]
[BlackElo "2080"]
[Annotator "TA"]
[PlyCount "67"]
[EventDate "2024.09.05"]
[EventType "team-tourn"]
[EventCountry "HUN"]
[SourceTitle "playchess.com"]
[Source "ChessBase"]
[SourceQuality "1"]
[WhiteTeam "Romania"]
[BlackTeam "Hungary C"]
[WhiteTeamCountry "ROU"]
[BlackTeamCountry "HUN"]
[TimeControl "40/5400+30:1800+30"]

1. e4 e5 2. Nf3 Nc6 3. Bb5 a6 4. Ba4 Nf6 5. d3 d6 6. c3 Be7 7. O-O O-O 8. Re1 Bg4 9. Nbd2 Nd7 10. h3 Bh5 11. Nf1 b5 {[%cal Oh5f3] Hoping for ...Bxf3!} 12. Bc2 Nb6 13. Ng3 {White is slightly better.} Bg6 14. Qe2 Qc8 15. a3 Bf6 16. Be3 Rd8 17. Bb3 Na5 18. Ba2 c5 19. b4 Nb7 20. c4 Qc6 (20... bxc4 $14 {deserves consideration.} 21. dxc4 Be7) 21. Nd2 bxc4 (21... Qd7 $14) 22. dxc4 ({White must play} 22. Nxc4 $16 Nxc4 23. Bxc4 (23. dxc4 Qd7 $16)) 22... cxb4 {Loses the game.} ({Black should try} 22... Rdb8 $14) 23. axb4 $18 a5 {[#]} (23... Nc8 {keeps fighting.} 24. c5 dxc5) 24. c5 $1 dxc5 25. bxc5 Nxc5 26. Rac1 Qa4 {[#]} 27. Nc4 $1 ({Stronger than} 27. Bxc5 Qxa2 28. Bxb6 Rxd2 $17) 27... Nbd7 {[#]} ({Wrong is} 27... Nxc4 $2 28. Rxc4 Qe8 29. Rxc5 $18) 28. Bxc5 Nxc5 29. Nb6 $1 {[%csl LRa4,LRa8,LRc5] A dynamic duo of knights.} Qa3 30. Nxa8 Nd3 (30... Rxa8 $142 31. Bd5 Rd8) 31. Ra1 {[%cal Oa2f7] Bxf7+! is the strong threat.} Qc3 (31... Qf8 {was necessary.} 32. Nb6 Nxe1 33. Rxe1 Be7) 32. Red1 {White is clearly winning.} Bh4 33. Qe3 Qb2 34. Bc4 {Weighted Error Value: White=0.14 (very precise) /Black=0.43.  Mistake:       	White=1     	Black=6      Inaccurate:     	White=1     	Black=1      OK:         	White=7     	Black=8      Best:        	White=2     	---        Strong:       	White=1     	---        Brilliant:      	White=1     	---} 1-0

[Event "45th FIDE Womens Olympiad 2024"]
[Site "Budapest"]
[Date "2024.09.15"]
[Round "5.86"]
[White "Toth, Lili"]
[Black "Sandu, Mihaela"]
[Result "0-1"]
[ECO "C54"]
[WhiteElo "2105"]
[BlackElo "2248"]
[Annotator "TA"]
[PlyCount "52"]
[EventDate "2024.09.05"]
[EventType "team-tourn"]
[EventCountry "HUN"]
[SourceTitle "playchess.com"]
[Source "ChessBase"]
[SourceQuality "1"]
[WhiteTeam "Hungary C"]
[BlackTeam "Romania"]
[WhiteTeamCountry "HUN"]
[BlackTeamCountry "ROU"]
[TimeControl "40/5400+30:1800+30"]

1. e4 e5 2. Nf3 Nc6 3. Bc4 Bc5 4. O-O Nf6 5. d3 d6 6. c3 a6 7. Bb3 Ba7 8. Re1 h6 9. Nbd2 Be6 10. Nf1 Qd7 {The position is equal.} 11. d4 (11. Bc2 $14) 11... Bxb3 12. axb3 O-O 13. Ng3 exd4 14. cxd4 Bb6 {[#]} 15. Bxh6 $2 {White does not recover from this.} gxh6 $19 16. Nf5 Kh7 17. Qd2 Ng8 18. Ng5+ Kh8 ({Inferior is} 18... hxg5 19. Qxg5 f6 20. Qh5+) 19. Nf3 Qd8 20. e5 $2 {[#]} (20. Nxh6 Qf6 21. Nf5) 20... dxe5 21. d5 Qf6 (21... Nd4 $142 22. N5xd4 exd4) 22. Ng3 (22. dxc6 {was the crucial defense.} Qxf5 23. Rxe5) 22... Nd4 {Black is clearly winning.} 23. Nxe5 (23. Nxd4 $142 exd4 (23... Bxd4 $2 24. Rac1 $19) 24. Nh5) 23... Nxb3 24. Qc3 Nxa1 25. Nh5 Qxf2+ 26. Kh1 Bd4 {Weighted Error Value: White=1.10/Black=0.53.  Loses game:     	White=1     	---        Mistake:       	White=4     	Black=1      Inaccurate:     	---       	Black=1      OK:         	White=4     	Black=4      Best:        	---       	Black=2} 0-1

[Event "45th FIDE Womens Olympiad 2024"]
[Site "Budapest"]
[Date "2024.09.15"]
[Round "5.87"]
[White "Voicu-Jagodzinsky, Carmen"]
[Black "Gombocz, Zsofia"]
[Result "1-0"]
[ECO "D02"]
[WhiteElo "2271"]
[BlackElo "2061"]
[Annotator "TA"]
[PlyCount "65"]
[EventDate "2024.09.05"]
[EventType "team-tourn"]
[EventCountry "HUN"]
[SourceTitle "playchess.com"]
[Source "ChessBase"]
[SourceQuality "1"]
[WhiteTeam "Romania"]
[BlackTeam "Hungary C"]
[WhiteTeamCountry "ROU"]
[TimeControl "40/5400+30:1800+30"]

1. d4 d5 2. Nf3 Nf6 3. Bf4 c5 4. e3 e6 5. Nbd2 Nc6 6. c3 Bd6 7. Bg3 a6 8. Bd3 c4 9. Bc2 Qc7 {White is slightly better.} 10. e4 dxe4 11. Nxe4 Nxe4 12. Bxe4 h6 13. O-O ({White should play} 13. Qe2 $1 $16) 13... O-O $1 $14 14. Bxd6 Qxd6 15. Re1 f5 (15... b5 $11) 16. Bxc6 $16 Qxc6 17. Re5 Rd8 18. Qe2 Rd5 19. Re1 Bd7 20. Re3 Qc7 21. Ne5 Bb5 22. Ng6 e5 23. Nxe5 Rd6 {Prevents Ng6.} 24. f4 Rf6 25. h4 Rc8 26. h5 {Hoping for Ng6.} Be8 27. Ng4 Rf8 28. Re7 $1 Qxf4 {[#]} 29. Qe6+ $1 (29. Ne5 Qg3) 29... Kh8 (29... Bf7 $2 30. Rxf7 Rxf7 31. Qxc8+ $18) 30. Nf6 $40 {[%mdl 128] White has strong attack.} (30. Qxc8 fxg4 31. Qxe8 (31. Rxe8 Qf2+ 32. Kh2 Qh4+ 33. Kg1 Qf2+ 34. Kh2 Qh4+ 35. Kg1 Qf2+ $11) 31... Qf2+ 32. Kh2 Qh4+ 33. Kg1 Qf2+ 34. Kh2 Qh4+ 35. Kg1 Qf2+ $11) ({White should try} 30. Ne3 $18 Rc6 31. Nd5) 30... Bc6 {[#]} 31. d5 {Dancing on a razor blade. White is much more active.} (31. Nd7 $1 $16 Bxd7 32. Rxd7) 31... Bb5 $2 (31... Qg5 $14) 32. Rf1 $18 ({Less strong is} 32. Rxb7 Rc7 (32... gxf6 33. Qe7) 33. Rxb5 (33. Rxc7 Qxc7 34. d6 Qc5+ 35. Kf1 Rxf6 $17) 33... axb5 $16) 32... Qg3 33. Qxf5 {Weighted Error Value: White=0.20 (precise) /Black=0.20 (precise) .  Loses game:     	---       	Black=1      Mistake:       	White=3     	Black=1      Inaccurate:     	White=1     	Black=2      OK:         	White=7     	Black=5      Best:        	White=2     	Black=2      Strong:       	White=2     	Black=1} 1-0

[Event "45th FIDE Womens Olympiad 2024"]
[Site "Budapest"]
[Date "2024.09.15"]
[Round "5.88"]
[White "Nandin-Erdene, Davaademberel"]
[Black "Lehaci, Miruna-Daria"]
[Result "0-1"]
[ECO "B56"]
[WhiteElo "2039"]
[BlackElo "2180"]
[Annotator "TA"]
[PlyCount "124"]
[EventDate "2024.09.05"]
[EventType "team-tourn"]
[EventCountry "HUN"]
[SourceTitle "playchess.com"]
[Source "ChessBase"]
[SourceQuality "1"]
[WhiteTeam "Hungary C"]
[BlackTeam "Romania"]
[WhiteTeamCountry "HUN"]
[BlackTeamCountry "ROU"]
[TimeControl "40/5400+30:1800+30"]

1. e4 c5 2. Nf3 Nc6 3. d4 cxd4 4. Nxd4 Nf6 5. Nc3 d6 6. f3 e5 7. Nb3 Be7 8. Be3 O-O 9. Qd2 Be6 10. Nd5 a5 11. Bb6 Qd7 12. Bb5 $1 (12. Nxa5 Bxd5 13. exd5 Nd4 14. Bxd4 exd4 $15) 12... Bd8 {White has an edge.} 13. Bxd8 Qxd8 14. Nxf6+ Qxf6 15. Bxc6 bxc6 16. Nxa5 c5 17. O-O ({Better is} 17. Qc3 $11) 17... Qd8 $1 $15 18. b4 Qb6 {Wards off Nc6} 19. Kh1 cxb4 (19... Qxb4 20. Qxb4 cxb4 21. Nc6 $11) 20. Nb3 Rfc8 21. f4 (21. Nc1 $15) 21... exf4 22. Nd4 Qc5 23. Nxe6 fxe6 24. Qxf4 Rf8 {Against Qf7+. Active counter play!} (24... Qxc2 $2 25. Rac1 h6 (25... Qxa2 26. Rxc8+ Rxc8 27. Qf7+ Kh8 28. Qf8+ Rxf8 29. Rxf8#) 26. Rxc2 $18 (26. Qxd6 $2 Qxc1 27. Qxe6+ Kh8 $19)) 25. Qg4 Qc4 (25... Qxc2 26. Qxe6+ Kh8 27. Rxf8+ (27. Qxd6 Rxf1+ 28. Rxf1 h6 $11) 27... Rxf8 28. Qxd6 $14) (25... Qe5 $17 26. Qe2 h6) 26. Kg1 (26. Rxf8+ $11 Rxf8 27. h3) 26... e5 $2 (26... Rxf1+ $19 27. Rxf1 Rxa2 (27... Qxa2 28. e5 $15)) 27. Qd7 Qd4+ (27... Rxa2 $2 28. Rxf8+ (28. Qxd6 Raa8 $11) 28... Kxf8 29. Rf1+ $18 (29. Qxd6+ Ke8 $18) (29. Qxd6+ Kg8 $18)) (27... Qxc2 $6 28. Qe6+ Kh8 29. Qxd6 Rxf1+ 30. Rxf1 $11) 28. Kh1 {White is weak on the dark squares} Rf6 {Prevents Qe6+} ({Black should try} 28... h6 $1 $17 {aiming for ...Kh7.} 29. Rfd1 Qc4 (29... Qxe4 30. Qxd6 Rf2 31. Rg1 $15)) 29. Qb5 (29. Rac1 $11 {keeps the balance.}) 29... Raf8 (29... Qxe4 30. Rxf6 gxf6 31. Rf1 $11) 30. Rfe1 Rf2 31. Rad1 (31. a4 $17 {keeps fighting.}) 31... Qc3 $40 {[%mdl 128] Black wants a kill.} (31... Qc5 $19 32. Qd3 h6 (32... Rxc2 $2 33. Qb3+ Kh8 34. Rf1 $17) (32... Qxc2 33. Qd5+ Kh8 34. Qxd6 $17)) 32. Qd5+ Kh8 {[%cal Oc3e1] ( -> ...Qxe1+!)} 33. Qd3 {Black converts the advantage convincingly.} (33. Rg1 $15) 33... Qxd3 $19 ({Not} 33... Rxc2 34. Qxd6 Rcf2 35. Rg1 $15) ({But not} 33... Qxc2 34. Qxc2 Rxc2 35. Rxd6 $17) 34. cxd3 Rxa2 {[%mdl 4096] Endgame. KRR-KRR} 35. Rb1 Rb8 36. Rb3 {[#]} Ra3 $1 37. Reb1 {Rxa3 would now be deadly.} Rxb3 38. Rxb3 {[#] KR-KR} Kg8 $1 39. Kg1 Kf7 40. Kf2 Ke6 41. Ke3 Kd7 42. d4 Kc6 {Threatens to win with ...Kb5.} 43. Kd3 $2 (43. dxe5 dxe5 44. Kd2) 43... Kb5 44. dxe5 dxe5 45. Kc2 Kc4 46. Rg3 Rb7 47. Rf3 (47. Rg5 $142 Re7 48. Kb2) 47... Kd4 48. Kb3 Kxe4 49. Rh3 g6 50. Rf3 Kd4 {And now ...e4 would win.} 51. Rf8 e4 {White must now prevent ...Kd3.} 52. Rd8+ Ke3 53. g4 Kf2 54. Rf8+ Ke2 55. h4 e3 56. h5 gxh5 57. gxh5 Kd2 {Black mates.} 58. Rd8+ Ke1 59. Re8 e2 60. Re6 Rf7 61. Kc2 Kf2 62. Kd2 Rd7+ {Weighted Error Value: White=0.73/Black=0.25 (precise) .  Loses game:     	White=1     	---        Missed win:     	---       	Black=1      Mistake:       	White=7     	Black=3      Inaccurate:     	White=3     	Black=1      OK:         	White=11    	Black=10     Best:        	White=3     	Black=4      Strong:       	White=1     	Black=3} 0-1

[Event "45th FIDE Womens Olympiad 2024"]
[Site "Budapest"]
[Date "2024.09.15"]
[Round "5.89"]
[White "Tsolakidou, Stavroula"]
[Black "Corrales Jimenez, Zenia"]
[Result "1/2-1/2"]
[ECO "E60"]
[WhiteElo "2444"]
[BlackElo "2170"]
[Annotator "TA"]
[PlyCount "129"]
[EventDate "2024.09.05"]
[EventType "team-tourn"]
[EventCountry "HUN"]
[SourceTitle "playchess.com"]
[Source "ChessBase"]
[SourceQuality "1"]
[WhiteTeam "Greece"]
[BlackTeam "Mexico"]
[WhiteTeamCountry "GRE"]
[BlackTeamCountry "MEX"]
[TimeControl "40/5400+30:1800+30"]

1. d4 Nf6 2. c4 g6 3. h4 c6 4. Nc3 d5 5. cxd5 cxd5 6. Bf4 Nc6 7. e3 Bg7 8. Be2 {White has an edge.} h5 9. Nf3 Bg4 10. Qb3 Na5 11. Qa4+ Bd7 12. Bb5 Nc4 13. Ne5 {aiming for Nxd7.} Nb6 14. Qb3 {[%cal Oc3d5] White is much more active.} O-O 15. Nxd7 Nbxd7 16. Nxd5 (16. O-O $1 $16) 16... Nxd5 $14 17. Qxd5 Qa5+ 18. Ke2 $1 e5 19. dxe5 Nxe5 20. Rhd1 (20. Bxe5 {looks sharper.} Rad8 21. Bd6 a6 22. b4) 20... Rad8 {[#]} 21. Qb3 (21. Qxb7 $2 Rb8 22. Qa6 Rxb5 (22... Qxb5+ $2 23. Qxb5 Rxb5 24. b3 $19) 23. Qxa5 Rxa5 $19) 21... Rxd1 22. Rxd1 Rd8 {[#]} 23. Qa4 (23. Rd5 $142 $1 Rxd5 24. Qxd5) 23... Qb6 24. Rxd8+ Qxd8 25. Qxa7 Qd5 26. a4 {Black must now prevent Qb8+.} Nc4 27. Bxc4 Qxc4+ $16 {[%mdl 4096] Endgame. KQB-KQB} 28. Kf3 Qc6+ 29. Kg3 Bxb2 30. Qb8+ Kh7 31. Qc7 Qd5 32. f3 Kg7 33. e4 Qd1 34. Be5+ $1 (34. Qxb7 Qe1+ 35. Kh3 Qh1+ 36. Kg3 (36. Bh2 Be5 $15) 36... Bf6 $17 (36... Bc3 37. Bd2 $11)) 34... Bxe5+ 35. Qxe5+ $14 {KQ-KQ} Kg8 36. Qe8+ Kg7 37. Qe5+ Kg8 $1 38. Kh2 Qxa4 39. Qb8+ Kg7 40. Qxb7 Qd4 41. Qe7 {Repels Qd6+} Kg8 42. Qg5 Qd6+ 43. e5 Qd4 44. Kg3 Qc4 45. Qd8+ Kg7 46. Qf6+ Kg8 47. Qf4 Qd5 48. Qe3 Qc4 49. Qd2 Kg7 50. Qd6 Kg8 51. Qf6 Qd4 52. Qf4 Qd5 53. Kh2 Kg7 54. g4 (54. Qf6+ $14 Kg8 55. Kg3) 54... hxg4 $11 {The position is equal.} 55. fxg4 Qa2+ 56. Kg3 Qe2 57. h5 Qe1+ 58. Kg2 Qe2+ 59. Kh3 gxh5 60. Qg5+ Kf8 61. gxh5 Qf3+ 62. Kh4 Qh1+ 63. Kg4 Qg2+ 64. Kf4 Qf2+ 65. Ke4 {Weighted Error Value: White=0.06 (flawless) /Black=0.03 (flawless) .  Mistake:       	White=3     	---        Inaccurate:     	---       	Black=3      OK:         	White=16    	Black=26     Best:        	White=4     	Black=3      Strong:       	White=2     	Black=1} 1/2-1/2

[Event "45th FIDE Womens Olympiad 2024"]
[Site "Budapest"]
[Date "2024.09.15"]
[Round "5.90"]
[White "Miranda Rodriguez, Tania"]
[Black "Avramidou, Anastasia"]
[Result "0-1"]
[ECO "B94"]
[WhiteElo "2090"]
[BlackElo "2290"]
[Annotator "TA"]
[PlyCount "94"]
[EventDate "2024.09.05"]
[EventType "team-tourn"]
[EventCountry "HUN"]
[SourceTitle "playchess.com"]
[Source "ChessBase"]
[SourceQuality "1"]
[WhiteTeam "Mexico"]
[BlackTeam "Greece"]
[WhiteTeamCountry "MEX"]
[BlackTeamCountry "GRE"]
[TimeControl "40/5400+30:1800+30"]

1. e4 c5 2. Nf3 d6 3. d4 cxd4 4. Nxd4 Nf6 5. Nc3 a6 6. Bg5 Nbd7 7. Bc4 Qb6 8. Bb3 e6 9. O-O Be7 {The position is equal.} 10. Bxe6 fxe6 11. Nxe6 {And now Nd5 would win.} Kf7 12. Nd5 (12. Be3 $1 $11 Qc6 (12... Qxb2 13. Ng5+ Ke8 14. Bd4 $11) 13. Nd4) 12... Nxd5 $17 13. exd5 Nf6 {Against Qh5+} 14. Re1 Bxe6 15. Rxe6 Rhf8 (15... Qxb2 $2 16. Rb1 Qxa2 17. Rxe7+ (17. Rxb7 Rhe8 $18) 17... Kxe7 18. Rxb7+ Kd8 (18... Kf8 19. Bxf6 Re8 20. Bxg7+ Kg8 21. Bc3) 19. Rxg7 $18) 16. Qe2 Bd8 (16... Qxb2 $2 17. Rxe7+ Kg8 18. Re1 $18) 17. Re1 $2 {This costs White the game.} (17. Bxf6 $2 Bxf6 18. c3 Kg8 $19) (17. c4 $1 $11) 17... Kg8 (17... Nxd5 $2 18. Re8 Bf6 19. Qh5+ Kg8 20. Rxa8 $18) 18. c4 Ng4 19. Bf4 {[#]} (19. Qxg4 $2 Qxf2+ 20. Kh1 Qf1+ 21. Rxf1 Rxf1#) (19. Re8 {was called for.} Bxg5 20. Rxa8 Rxa8 21. Qe6+ Kf8 22. Qxg4) 19... Bh4 $1 $19 20. g3 (20. Qxg4 Qxf2+) 20... Rxf4 21. Re8+ $2 (21. gxf4 Qxf2+ 22. Qxf2 Bxf2+ 23. Kf1 Bxe1 (23... Nxh2+ $2 {loses.} 24. Kxf2 Ng4+ 25. Kf3 $18) 24. Kxe1) 21... Rxe8 22. Qxe8+ Rf8 23. Qe6+ Kh8 24. Qf5 Qxf2+ ({Stronger than} 24... Rxf5 25. Re8+) 25. Qxf2 Nxf2 26. gxh4 {[%mdl 4096] Endgame. KRN-KR} Nd3 27. Re2 Kg8 28. b3 Kf7 {Against Re7+} 29. Re6 Rd8 {Black is clearly winning.} 30. Re3 Ne5 31. c5 Kf6 32. Rc3 dxc5 33. Rxc5 Rd7 34. a4 Ke7 35. b4 Kd6 {...Rc7 is the strong threat.} 36. Rc3 Rc7 37. Rb3 Kxd5 38. b5 Rc1+ 39. Kg2 a5 40. b6 Rc2+ 41. Kg3 Nc6 {...Ra2 would now be deadly.} 42. Rf3 Re2 43. Rb3 Re4 44. Rb5+ Ke6 45. Rg5 Kf6 46. Rd5 Rd4 47. Rh5 h6 {Weighted Error Value: White=0.51/Black=0.21 (precise) .  Loses game:     	White=1     	---        Mistake:       	White=3     	---        Inaccurate:     	White=1     	Black=1      OK:         	White=8     	Black=15     Best:        	---       	Black=2      Strong:       	---       	Black=1} 0-1

[Event "45th FIDE Womens Olympiad 2024"]
[Site "Budapest"]
[Date "2024.09.15"]
[Round "5.91"]
[White "Markantonaki, Haritomeni"]
[Black "Mendez Tovar, Yessica Yissel"]
[Result "1-0"]
[ECO "C88"]
[WhiteElo "2179"]
[BlackElo "2004"]
[Annotator "RC"]
[PlyCount "83"]
[EventDate "2024.09.05"]
[EventType "team-tourn"]
[EventCountry "HUN"]
[SourceTitle "playchess.com"]
[Source "ChessBase"]
[SourceQuality "1"]
[WhiteTeam "Greece"]
[BlackTeam "Mexico"]
[WhiteTeamCountry "GRE"]
[BlackTeamCountry "MEX"]
[TimeControl "40/5400+30:1800+30"]

1. e4 e5 2. Nf3 Nc6 3. Bb5 a6 4. Ba4 Nf6 5. O-O Be7 6. Re1 b5 7. Bb3 Bb7 8. d3 d6 9. a3 O-O 10. Nbd2 Qd7 11. Nf1 Nd8 12. Ng3 Ne6 13. c3 c5 14. d4 c4 15. Bc2 Qc7 16. Nf5 Rfe8 17. Nxe7+ Rxe7 18. d5 Nc5 19. Bg5 Ncd7 20. Nh4 Ree8 21. Qf3 h6 22. Bd2 Kh7 23. Nf5 Rg8 24. g4 g5 25. Qh3 Rg6 26. f3 Ng8 27. Kf2 Nc5 28. Rh1 Bc8 29. Rag1 Rb8 30. Qf1 Na4 31. Qc1 Nc5 32. h4 f6 33. hxg5 fxg5 34. Bxg5 Qa7 35. Be3 Bd7 36. g5 Rf8 37. gxh6 Bxf5 38. exf5 Rxh6 39. f6+ e4 40. Rg7+ Qxg7 41. fxg7 Rxf3+ 42. Kg2 1-0

[Event "45th FIDE Womens Olympiad 2024"]
[Site "Budapest"]
[Date "2024.09.15"]
[Round "5.92"]
[White "Padilla Garcia, Cecilia Xasive"]
[Black "Makropoulou, Marina"]
[Result "1/2-1/2"]
[ECO "B12"]
[WhiteElo "1954"]
[BlackElo "2103"]
[Annotator "NA RC"]
[PlyCount "93"]
[EventDate "2024.09.05"]
[EventType "team-tourn"]
[EventCountry "HUN"]
[SourceTitle "playchess.com"]
[Source "ChessBase"]
[SourceQuality "1"]
[WhiteTeam "Mexico"]
[BlackTeam "Greece"]
[WhiteTeamCountry "MEX"]
[BlackTeamCountry "GRE"]
[TimeControl "40/5400+30:1800+30"]

1. e4 c6 2. d4 d5 3. f3 e6 4. Nc3 Bb4 5. Bd3 dxe4 6. Bxe4 f5 7. Bd3 Qxd4 8. Nge2 Qh4+ 9. g3 Qe7 10. a3 Bc5 11. Na4 Nd7 12. Nxc5 Nxc5 13. Bc4 e5 14. Be3 Nf6 15. Qd2 b5 16. b4 Nb7 17. Bb3 Be6 18. Qc3 Bd5 19. O-O Qe6 20. f4 Bxb3 21. fxe5 Bc4 22. exf6 Bxe2 23. fxg7 Rg8 24. Rfe1 Bf3 25. Bxa7 Be4 26. Bb6 Kf7 27. Bd4 Rad8 28. a4 Nd6 29. a5 Ne8 30. a6 Nxg7 31. a7 Nh5 32. Ra6 Qc4 33. Qxc4+ bxc4 34. c3 Ng7 35. Rea1 Ra8 36. Rb6 Ne6 37. Be5 Ng5 38. Rb7+ Ke6 39. Bb8 Bd5 40. Re1+ Be4 41. Rd1 Bd3 42. Re1+ Ne4 43. Rb6 Kd7 44. Rb7+ Ke6 45. Rb6 Kd7 46. Rb7+ Ke6 47. Rb6 1/2-1/2